 Dungeon Crawl Stone Soup version 0.21-a0-426-g98080a9 (webtiles) character file.

3490 tilp the Destroyer (level 9, -6/47 HPs)
             Began as a Deep Elf Fire Elementalist on Nov 5, 2017.
             Was a Follower of Vehumet.
             Mangled by a two-headed ogre
             ... wielding a +0 dire flail
              (22 damage)
             ... on level 8 of the Dungeon.
             The game lasted 00:29:19 (10076 turns).

tilp the Destroyer (Deep Elf Fire Elementalist)    Turns: 10076, Time: 00:29:20

Health: -6/47      AC:  6    Str:  5    XL:     9   Next: 80%
Magic:  18/32      EV: 13    Int: 24    God:    Vehumet [*.....]
Gold:   477        SH:  2    Dex: 15    Spells: 6/24 levels left

rFire    + . .     SeeInvis +   a - +2 falchion (protect)
rCold    x . .     Gourm    .   (no shield)
rNeg     . . .     Faith    .   z - +1 robe of Juifog {rF+ rC- rCorr SInv}
rPois    .         Spirit   .   t - +1 helmet
rElec    .         Reflect  +   (no cloak)
rCorr    +         Harm     .   (no gloves)
MR       .....                  w - +0 pair of boots
Stlth    ++........             E - +2 amulet of reflection
HPRegen  0.15/turn              r - ring of resist corrosion
MPRegen  0.23/turn              D - ring of magical power

@: no status effects
A: no striking features
a: Renounce Religion


You were on level 8 of the Dungeon.
You worshipped Vehumet.
Vehumet was aware of your devotion.
You were not hungry.

You visited 2 branches of the dungeon, and saw 9 of its levels.
You also visited: Sewer.

You collected 477 gold pieces.

Inventory:

Hand Weapons
 a - a +2 falchion of protection (weapon)
 b - a +0 hunting sling
 y - a +0 mace of protection
 K - a +1 short sword of draining
Missiles
 f - 42 stones (quivered)
 q - 62 sling bullets
 B - a throwing net
Armour
 s - a +1 animal skin
 t - a +1 helmet (worn)
 w - a +0 pair of boots (worn)
 z - the +1 robe of Juifog (worn) {rF+ rC- rCorr SInv}
   (You found it on level 6 of the Dungeon)

   It protects you from fire.
   It makes you vulnerable to cold.
   It lets you see invisible.
   It protects you from acid and corrosion.
Jewellery
 r - a ring of resist corrosion (left hand)
 D - a ring of magical power (right hand)
 E - a +2 amulet of reflection (around neck)
Wands
 H - a wand of confusion (28/48)
Scrolls
 h - a scroll of vulnerability {unknown}
 l - 9 scrolls of teleportation
 m - 2 scrolls of amnesia
 p - a scroll of blinking {unknown}
 C - a scroll of immolation {unknown}
 F - 3 scrolls of remove curse
Potions
 d - 2 potions of cancellation
 e - 3 potions of might
 g - 2 potions of berserk rage
 i - 4 potions of brilliance {unknown}
 k - 4 potions of heal wounds
 n - a potion of haste {unknown}
 o - 3 potions of curing
 u - 8 potions of flight
 v - a potion of mutation {unknown}
 G - a potion of agility
 I - a potion of lignification {unknown}
Books
 x - a book of Flames

   Spells                             Type                      Level
   a - Flame Tongue                   Conjuration/Fire             1
   b - Throw Flame                    Conjuration/Fire             2
   c - Conjure Flame                  Conjuration/Fire             3
   d - Inner Flame                    Hexes/Fire                   3
   e - Sticky Flame                   Conjuration/Fire             4
   f - Fireball                       Conjuration/Fire             5
 A - a book of Changes

   Spells                             Type                      Level
   a - Beastly Appendage              Transmutation                1
   b - Sticks to Snakes               Transmutation                2
   c - Spider Form                    Transmutation/Poison         3
   d - Ice Form                       Ice/Transmutation            4
   e - Blade Hands                    Transmutation                5
 L - a book of Clouds

   Spells                             Type                      Level
   a - Poisonous Vapours              Poison/Air                   2
   b - Mephitic Cloud                 Conjuration/Poison/Air       3
   c - Conjure Flame                  Conjuration/Fire             3
   d - Freezing Cloud                 Conjuration/Ice/Air          6
   e - Ring of Flames                 Charms/Fire                  7
Comestibles
 c - 6 bread rations
 j - 5 meat rations
 J - 2 chunks of flesh


   Skills:
 * Level 1.1 Fighting
 + Level 2.8 Dodging
 - Level 2.4 Stealth
 + Level 8.2 Spellcasting
 - Level 10.0 Conjurations
 - Level 10.0 Fire Magic


You had 6 spell levels left.
You knew the following spells:

 Your Spells              Type           Power        Failure   Level  Hunger
a - Flame Tongue          Conj/Fire      #####        1%          1    None
b - Throw Flame           Conj/Fire      ######       1%          2    None
c - Conjure Flame         Conj/Fire      ######..     1%          3    None
d - Sticky Flame          Conj/Fire      ######..     1%          4    ##.....
e - Fireball              Conj/Fire      ######....   2%          5    #####..
f - Mephitic Cloud        Conj/Pois/Air  ####....     4%          3    None


Dungeon Overview and Level Annotations

Branches:
Dungeon (8/15)             Temple (1/1) D:5
   Lair: D:8-11

Altars:
Ashenzari
Cheibriados
Dithmenos
Elyvilon
Fedhas
Gozag
Hepliaklqana
Kikubaaqudgha
Makhleb
Nemelex Xobeh
Okawaru
Qazlal
Ru
Sif Muna
Trog
Uskayaw
Vehumet
Wu Jian
Xom
Yredelemnul
Zin
The Shining One
Lugonu

Annotations:
D:2 1 runed door
D:6 Qupu's ghost, novice GrFi


Message History

The fireball engulfs the two-headed ogre.
The two-headed ogre is moderately wounded.
The two-headed ogre is engulfed in blazing flames. x2
The two-headed ogre hits you with a dire flail!
The two-headed ogre hits you with a giant club!!
Casting: Fireball
Confirm with . or Enter, or press ? or * to list all spells.
Aiming: Sticky Flame
Press: ? - help, Shift-Dir - straight line, f/p - two-headed ogre
Aim: a two-headed ogre, wielding a dire flail and a giant club (flame, heavily wounded)
The sticky flame hits the two-headed ogre.
The two-headed ogre is heavily wounded.
The two-headed ogre is covered in liquid flames!
The two-headed ogre burns!
Unknown command.
The two-headed ogre burns!
The two-headed ogre is engulfed in blazing flames.
The two-headed ogre burns!
The two-headed ogre closely misses you.
The two-headed ogre hits you with a giant club!!
You die...

######...#########...#
..........# ##.##
######...## #.# ##.## #.#
#.# ####.#### #.# #.......#
##'## #.##.##.# ##...##
#.##.##.# ##....@##
#.##.##.# #......O##
#..#.##.#
#.........####....##.###
.'...<.....ยงยง.....)......
###.........####....######
##.......## ##.#.#
##.....## ###.# ##...## #.#
##+# .#. ##


You could see a two-headed ogre (burning).

Vanquished Creatures
  A two-headed ogre (D:5)
  A wyvern (D:8)
  Grum (D:8)
  The ghost of Autsider the Magician, an amateur DrWz (D:4)
  Menkaure (D:7)
  Duvessa (D:6)
  A phantom (D:3)
  A sky beast (D:6)
  An ice beast (D:6)
  2 wolves (D:8)
  2 ogres
  The ghost of Autsider the Magician, an amateur DrWz (D:3)
  2 centaurs
  A big kobold (D:7)
  2 bullfrogs
  Dowan (D:6)
  A scorpion (D:6)
  2 howler monkeys
  2 jellies
  3 orc priests (D:5)
  2 hounds
  A bullfrog skeleton (D:6)
  4 orc wizards
  Jessica (D:3)
  A merfolk siren (Sewer)
  5 worker ants
  A merfolk avatar (Sewer)
  A hound zombie (D:6)
  A hound skeleton (D:6)
  Robin (D:2)
  13 gnolls
  2 howler monkey skeletons (D:6)
  7 adders
  A river rat (Sewer)
  A shadow imp (D:5)
  An ooze (D:1)
  2 adder skeletons
  An adder zombie (D:2)
  3 worms
  4 dart slugs
  8 leopard geckos
  7 orcs
  4 ball pythons
  9 bats
  2 bat skeletons (D:2)
  A bat zombie (D:2)
  7 giant cockroaches
  8 goblins
  15 hobgoblins
  9 jackals
  4 quokkas
  11 frilled lizards
  3 jackal skeletons
  5 kobolds
  A leopard gecko skeleton (D:2)
  A quokka zombie (D:2)
  34 rats
210 creatures vanquished.

Notes
Turn   | Place    | Note
-------+----------+-------------------------------------------
     0 | D:1      | tilp the Deep Elf Fire Elementalist began the quest for the Orb.
     0 | D:1      | Reached XP level 1. HP: 10/10 MP: 6/6
   492 | D:1      | Reached XP level 2. HP: 15/15 MP: 6/8
   496 | D:1      | Learned a level 2 spell: Throw Flame
   820 | D:1      | Reached XP level 3. HP: 19/19 MP: 6/10
   841 | D:1      | Learned a level 3 spell: Conjure Flame
  1677 | D:2      | Reached XP level 4. HP: 24/24 MP: 2/12
  2401 | D:2      | Noticed Robin
  2405 | D:2      | Killed Robin
  2423 | D:2      | Reached XP level 5. HP: 28/28 MP: 2/14
  2551 | D:2      | Found a runed door.
  2861 | D:3      | Noticed Autsider's ghost (amateur DrWz)
  2903 | D:3      | Noticed Jessica
  2906 | D:3      | Killed Jessica
  2906 | D:3      | Reached skill level 5 in Spellcasting
  2934 | D:3      | Found a glowing silver altar of Zin.
  2975 | D:3      | Found a glowing drain.
  3031 | D:3      | Learned a level 4 spell: Sticky Flame
  3035 | Sewer    | Entered a sewer
  3500 | Sewer    | Reached XP level 6. HP: 22/32 MP: 10/16
  3989 | D:3      | Found a stormy altar of Qazlal.
  4344 | D:3      | Killed Autsider's ghost
  4493 | D:3      | Learned a level 5 spell: Fireball
  4696 | D:3      | Reached skill level 5 in Conjurations
  4696 | D:3      | Reached skill level 5 in Fire Magic
  4696 | D:3      | Reached XP level 7. HP: 14/36 MP: 8/18
  5021 | D:4      | Found a radiant altar of Vehumet.
  5021 | D:4      | Found a glowing golden altar of the Shining One.
  5022 | D:4      | Found a shimmering altar of Xom.
  5022 | D:4      | Found an ornate altar of the Wu Jian Council.
  5022 | D:4      | Found a sacrificial altar of Ru.
  5024 | D:4      | Found a hazy altar of Hepliaklqana.
  5025 | D:4      | Found a deep blue altar of Sif Muna.
  5026 | D:4      | Noticed Autsider's ghost (amateur DrWz)
  5243 | D:4      | Killed Autsider's ghost
  5253 | D:4      | Became a worshipper of Vehumet
  5349 | D:4      | Found a shadowy altar of Dithmenos.
  5737 | D:4      | Found a blossoming altar of Fedhas.
  5743 | D:4      | Found an opulent altar of Gozag.
  5900 | D:4      | Found a bloodstained altar of Trog.
  5900 | D:4      | Found an iron altar of Okawaru.
  5998 | D:5      | Entered Level 5 of the Dungeon
  6277 | D:5      | Reached XP level 8. HP: 41/41 MP: 21/21
  6661 | D:5      | Noticed a two-headed ogre
  7274 | D:5      | Killed a two-headed ogre
  7498 | D:5      | Found a staircase to the Ecumenical Temple.
  7537 | Temple   | Entered the Ecumenical Temple
  7603 | D:6      | Got a crude robe
  7619 | D:6      | Identified the +1 robe of Juifog {rF+ rC- rCorr SInv} (You found it on level 6 of the Dungeon)
  7659 | D:6      | Noticed Qupu's ghost (novice GrFi)
  7908 | D:6      | Reached XP level 9. HP: 43/45 MP: 23/23
  8436 | D:6      | Noticed Duvessa
  8437 | D:6      | Noticed Dowan
  8446 | D:6      | Reached * piety under Vehumet
  8446 | D:6      | Offered knowledge of Sting by Vehumet.
  8772 | D:6      | Killed Duvessa
  8773 | D:6      | Killed Dowan
  8891 | D:7      | Noticed Menkaure
  8896 | D:7      | Killed Menkaure
  9868 | D:8      | Found an ancient bone altar of Kikubaaqudgha.
  9882 | D:8      | Learned a level 3 spell: Mephitic Cloud
  9939 | D:8      | Noticed Grum
  9941 | D:8      | Killed Grum
  9941 | D:8      | Reached skill level 10 in Conjurations
  9941 | D:8      | Reached skill level 10 in Fire Magic
  9945 | D:8      | Reached skill level 1 in Fighting
 10070 | D:8      | Noticed a two-headed ogre
 10076 | D:8      | Mangled by a two-headed ogre

Vault maps used:
D:1:      ncdulo_smallfort, hangedman_decor_growths
D:2:      serial_undead, serial_undead_b, serial_undead_d, serial_undead_c,
          serial_undead_a, minmay_door_square, uniq_robin,
          uniq_crazy_yiuf_cottage
D:3:      overflow_temple_1_default, old_standard_altar, portal_sewer_entry_a,
          hangedman_decor_points, uniq_jessica
D:4:      grunt_temple_overflow_bloody_war, grunt_dithmenos_smoke,
          grunt_temple_overflow_open, minitemple, first_bread
D:5:      minmay_temple_entry_junction
D:6:      uniq_duvessa
D:7:      uniq_menkaure
D:8:      kiku_gazebo_pond_becter, uniq_grum, uniq_pikel
Temple:   corrupted_temple
Sewer:    sewer_sea

Skill      XL: |  1  2  3  4  5  6  7  8  9 |
---------------+----------------------------+-----
Conjurations   | 2 3 4 5 6 8 10 | 10.0
Spellcasting   | 4 5 6 7 8 |  8.2
Fire Magic     | 4 5 6 8 10 | 10.0
Fighting       | 1 |  1.1
Dodging        | |  2.8
Stealth        | |  2.4

Action                   |  1- 3 |  4- 6 |  7- 9 || total
-------------------------+-------+-------+-------++-------
Melee: Mace              |     1 |     9 |     3 ||    13
       Falchion          |       |       |    34 ||    34
 Cast: Flame Tongue      |    47 |   127 |   157 ||   331
       Throw Flame       |    10 |    33 |    23 ||    66
       Conjure Flame     |     1 |     2 |    18 ||    21
       Sticky Flame      |       |     1 |    12 ||    13
       Fireball          |       |       |    19 ||    19
  Use: Scroll            |       |     8 |     6 ||    14
  Eat: Chunk             |     2 |    10 |    13 ||    25
       Fruit             |       |       |     4 ||     4
       Royal jelly       |       |       |     1 ||     1
       Meat ration       |       |       |     1 ||     1
Armor: Robe              |     1 |     2 |    23 ||    26
       Animal skin       |       |     7 |    14 ||    21
Dodge: Dodged            |    20 |    40 |    44 ||   104
Block: Other             |       |       |     5 ||     5
       Rpst.: Falchion   |       |       |     5 ||     5

Table legend:
 A = Spawn XP
 B = Non-spawn XP
 C = Spawn XP percentage of total XP
 D = Spawn monster count
 E = Non-spawn monster count
 F = Spawn count percentage of total count
 G = Total turns spent on level
                    A         B        C        D         E        F      G
               +---------+---------+-------+---------+---------+-------+---------
         Total |       0 |    4986 |   0.0 |       0 |     210 |   0.0 | 10076
               +---------+---------+-------+---------+---------+-------+---------
           D:1 |       0 |      59 |   0.0 |       0 |      22 |   0.0 |  1545
           D:2 |       0 |     155 |   0.0 |       0 |      41 |   0.0 |  1371
           D:3 |       0 |     374 |   0.0 |       0 |      31 |   0.0 |  1216
           D:4 |       0 |     575 |   0.0 |       0 |      18 |   0.0 |  1045
           D:5 |       0 |    1420 |   0.0 |       0 |      16 |   0.0 |  1756
           D:6 |       0 |     963 |   0.0 |       0 |      22 |   0.0 |  1071
           D:7 |       0 |     610 |   0.0 |       0 |      13 |   0.0 |   915
           D:8 |       0 |     673 |   0.0 |       0 |       7 |   0.0 |   286
         Sewer |       0 |     157 |   0.0 |       0 |      40 |   0.0 |   821
               +---------+---------+-------+---------+---------+-------+---------
